 Dungeon Crawl Stone Soup version 0.25-a0-341-g6f074c887a (webtiles) character file.

Game seed: 14678578435685387354, levelgen mode: deterministic

536 Sophie the Chopper (level 7, -10/66 HPs)
             Began as a Naga Fighter on Dec 30, 2019.
             Killed by divine providence
             ... invoked by an orc priest
              (13 damage)
             ... on level 4 of the Dungeon.
             The game lasted 00:06:32 (3286 turns).

Sophie the Chopper (Naga Fighter)                   Turns: 3286, Time: 00:06:34

Health: -10/66     AC:  6    Str: 25    XL:     7   Next: 25%
Magic:  7/7        EV:  6    Int:  9    God:
Gold:   58         SH:  9    Dex: 10    Spells: 6/6 levels left

rFire    . . .     SeeInvis +   a - +0 war axe
rCold    . . .     Gourm    .   c - +0 shield
rNeg     . . .     Faith    .   b - +0 scale mail
rPois    +         Spirit   .   (no helmet)
rElec    .         Reflect  .   (no cloak)
rCorr    .         Harm     .   (no gloves)
MR       .....                  (no barding)
Stlth    ..........             (no amulet)
HPRegen  0.21/turn              (no ring)
MPRegen  0.10/turn              (no ring)

@: mighty, very slow
A: large, see invisible, deformed body, poison resistance, slowness 2, slow
metabolism 1, spit poison 1, AC +2
a: Spit Poison


You were on level 4 of the Dungeon.
You were hungry.

You visited 1 branch of the dungeon, and saw 4 of its levels.

You collected 58 gold pieces.

Inventory:

Hand Weapons
 a - a +0 war axe (weapon)
Missiles
 k - 24 poisoned darts (quivered)
 m - 2 boomerangs
Armour
 b - a +0 scale mail (worn)
 c - a +0 shield (worn)
Jewellery
 w - a +2 ring of evasion {unknown}
Wands
 v - a wand of digging (6)
Scrolls
 e - a scroll of magic mapping {unknown}
 g - 2 scrolls of teleportation {unknown}
 j - 2 scrolls of enchant weapon {unknown}
 l - a scroll of fear {unknown}
 n - a scroll of immolation {unknown}
 o - a scroll of noise {unknown}
 r - a scroll of random uselessness {unknown}
 s - 3 scrolls of remove curse {unknown}
 t - 5 scrolls of identify {unknown}
 u - a scroll of fog {unknown}
 x - a scroll of enchant armour {unknown}
Potions
 d - a potion of might
 h - a potion of curing
 i - 2 potions of agility {unknown}
 p - 3 potions of lignification {unknown}
 q - a potion of haste {unknown}
Comestibles
 f - 7 rations


   Skills:
 + Level 4.3 Fighting
 + Level 5.2 Axes
 + Level 0.8 Throwing
 + Level 3.7 Armour
 + Level 0.2 Stealth
 + Level 3.2 Shields


You had 6 spell levels left.
You didn't know any spells.
Your spell library was empty.

Dungeon Overview and Level Annotations

Branches:
Dungeon (4/15)
 Temple: D:4-7

Altars:
Gozag
Nemelex Xobeh
Uskayaw


Innate Abilities, Weirdness & Mutations

You cannot wear boots.
Your serpentine skin is tough. (AC +2)
You have supernaturally acute eyesight. (SInv)
Armour fits poorly on your strangely shaped body.
Your system is resistant to poisons. (rPois)
You cover ground very slowly.
You have a slow metabolism.
You can spit poison.


Message History

The orc wizard hits you with a +0 dagger.
* * * LOW HITPOINT WARNING * * *
You completely miss the orc wizard.
The orc wizard is heavily wounded.
The orc wizard hits you but does no damage. x2
You miss the orc wizard.
The orc wizard is heavily wounded.
You kill the orc!
The orc wizard casts a spell at you. You block the puff of frost.
The orc priest calls down the wrath of Beogh upon you.
Beogh smites you!
* * * LOW HITPOINT WARNING * * *
You hit the orc wizard.
The orc wizard is almost dead.
The orc wizard gestures wildly while chanting.
The orc wizard flickers and vanishes for a moment.
The orc priest mumbles some strange prayers to Beogh against you.
Beogh smites you!
You die...

#######.# #.....#>.
##########.....#%#
#..............#o##
#........+.....#..
#..#####.#.....#.#
##.#..(#.##.#.##o#
#.#..(#......@o)#
#.#####....#.##.#
#.......##.#.# .# #
#..._...##.#.##.##.#
##...........#.....###
#####................
#......##.###.##
#......#....#
#......#....#


You could see an orc priest and an orc wizard (invisible).

Vanquished Creatures
  An ogre (D:4)
  3 hounds (D:4)
  2 orc wizards
  2 orc priests
  2 worker ants (D:4)
  3 gnolls (D:4)
  5 adders
  A shadow imp (D:2)
  2 oozes (D:1)
  3 worms
  3 dart slugs
  4 leopard geckos
  2 orcs (D:4)
  2 ball pythons
  6 bats
  6 giant cockroaches
  10 goblins
  6 hobgoblins
  6 jackals (D:3)
  3 quokkas
  6 frilled lizards
  11 kobolds
  8 rats
97 creatures vanquished.

Notes
Turn   | Place    | Note
-------+----------+-------------------------------------------
     0 | D:1      | Sophie the Naga Fighter began the quest for the Orb.
     0 | D:1      | Reached XP level 1. HP: 21/21 MP: 1/1
    65 | D:1      | Reached XP level 2. HP: 24/28 MP: 2/2
   332 | D:1      | Reached XP level 3. HP: 23/34 MP: 3/3
  1064 | D:2      | Reached skill level 3 in Axes
  1064 | D:2      | Reached XP level 4. HP: 42/42 MP: 4/4
  1596 | D:3      | Reached XP level 5. HP: 49/49 MP: 5/5
  2144 | D:3      | Found a sparkling altar of Nemelex Xobeh.
  2193 | D:3      | Found an opulent altar of Gozag.
  2323 | D:4      | Reached skill level 4 in Axes
  2339 | D:3      | Reached XP level 6. HP: 56/57 MP: 6/6
  2687 | D:4      | Reached skill level 5 in Axes
  2711 | D:4      | Reached XP level 7. HP: 19/66 MP: 7/7
  3206 | D:4      | Found a hide-covered altar of Uskayaw.
  3207 | D:4      | Noticed a +0 dagger
  3213 | D:4      | Noticed a +0 hand axe
  3285 | D:4      | HP: 2/66 [orc priest/divine providence (13)]
  3286 | D:4      | Killed from afar by an orc priest

Levels and vault maps discovered:
D:1:      dpeg_arrival_pits, layout_basic, minmay_vboxes
D:2:      layout_rooms
D:3:      layout_loops_ring, marbit_many_paths,
          nemelex_xobeh_ov_fountains_minmay
D:4:      layout_basic, dancing_weapons_uskayaw, nicolae_overflow_hidden_temple,
          first_ration

Skill      XL: |  1  2  3  4  5  6 |
---------------+-------------------+-----
Armour         | 3 |  3.7
Axes           | 3 4 5 |  5.2
Shields        | 3 |  3.2
Fighting       | 4 |  4.3
Throwing       | |  0.8
Stealth        | |  0.2

Action                   |  1- 3 |  4- 6 |  7- 9 || total
-------------------------+-------+-------+-------++-------
Melee: War axe           |    90 |   167 |    43 ||   300
Throw: Dart              |     1 |    28 |     8 ||    37
 Abil: Spit Poison       |     1 |     5 |     4 ||    10
  Use: Potion            |       |       |     3 ||     3
  Eat: Chunk             |       |     4 |     2 ||     6
Armor: Scale mail        |    40 |   104 |    18 ||   162
Dodge: Dodged            |    21 |    46 |     8 ||    75
Block: Shield            |    48 |   104 |    26 ||   178

Table legend:
 A = Non-vault XP
 B = Vault XP
 C = Vault XP percentage of total XP
 D = Non-vault monster count
 E = Vault monster count
 F = Vault count percentage of total count
                 A         B        C        D         E       F
            +---------+---------+-------+---------+---------+-------
      Total |     756 |      11 |   1.4 |      90 |       7 |   7.2
            +---------+---------+-------+---------+---------+-------
        D:1 |      51 |       8 |  13.6 |      23 |       6 |  20.7
        D:2 |     101 |       0 |   0.0 |      29 |       0 |   0.0
        D:3 |     145 |       3 |   2.0 |      22 |       1 |   4.3
        D:4 |     459 |       0 |   0.0 |      16 |       0 |   0.0
            +---------+---------+-------+---------+---------+-------
